 Dungeon Crawl Stone Soup version 0.28.0 (webtiles) character file.

Game seed: 5312202692597017406

164 browni3141 the Chopper (level 5, -4/47 HPs)
             Began as a Minotaur Berserker on Feb 10, 2022.
             Was a Follower of Trog.
             Slain by Pikel (13 damage)
             ... on level 5 of the Dungeon.
             The game lasted 00:00:42 (401 turns).

browni3141 the Chopper (Minotaur Berserker)          Turns: 401, Time: 00:00:43

Health: -4/47      AC:  2    Str: 23    XL:     5   Next: 21%
Magic:  4/4        EV: 12    Int:  4    God:    Trog [*.....]
Gold:   68         SH:  0    Dex: 10    Spells: 4/4 levels left

rFire   . . .      SeeInvis .   a - +0 hand axe
rCold   . . .      Faith    .   (no shield)
rNeg    . . .      Spirit   .   b - +0 animal skin
rPois   .          Reflect  .   (helmet restricted)
rElec   .          Harm     .   (no cloak)
rCorr   .          Rampage  .   (no gloves)
Will    .....                   (no boots)
Stlth   +.........              (no amulet)
HPRegen 0.15/turn               (no ring)
MPRegen 0.09/turn               (no ring)

@: on berserk cooldown
A: horns 2, retaliatory headbutt
a: Renounce Religion, Berserk


You were on level 5 of the Dungeon.
You worshipped Trog.
Trog was aware of your devotion.
You visited 1 branch of the dungeon, and saw 5 of its levels.

You collected 68 gold pieces.

Inventory:

Hand Weapons
 a - a +0 hand axe (weapon)
Armour
 b - a +0 animal skin (worn)
Potions
 c - a potion of flight {unknown}
 d - a potion of degeneration {unknown}
 e - a potion of curing {unknown}


   Skills:
 + Level 4.7 Fighting
 + Level 4.7 Axes
 + Level 3.9 Armour
 + Level 3.5 Dodging


You had 4 spell levels left.
You didn't know any spells.
Your spell library was empty.

Dungeon Overview and Level Annotations

Branches:
Dungeon (5/15)
 Temple: D:4-7

Altars:

Annotations:
D:5 Pikel


Innate Abilities, Weirdness & Mutations

You have a pair of horns on your head.
You reflexively headbutt those who attack you in melee.


Message History

You feel a strong urge to attack something.
You start resting.
You feel your anger nearly subside.
You are no longer berserk.
You are exhausted.
You feel yourself slow down.
A lemure comes into view.
A lemure is nearby!
A lemure is nearby!
A lemure is nearby!
Pikel, Merchant of Souls comes into view.
He is wielding a +1 whip of freezing.
Pikel shouts!
The lemure shouts!
The lemure closely misses you.
You feel yourself speed up.
You see here a black bear corpse.
An ogre comes into view. It is wielding a +0 giant spiked club.
The ogre shouts!
You barely miss the ogre. You hit Pikel.
Pikel hits you with a +1 whip of freezing!
Pikel freezes you. The ogre barely misses you.
You hit the ogre.
The ogre is lightly wounded.
You closely miss Pikel. Pikel barely misses you. The ogre misses you.
You hit the ogre. Your headbutt misses the ogre.
The ogre is moderately wounded.
You closely miss Pikel.
Pikel hits you with a +1 whip of freezing!
Pikel freezes you.
* * * LOW HITPOINT WARNING * * *
You hit the ogre but do no damage. You headbutt the ogre.
The ogre is moderately wounded.
You miss Pikel. The ogre closely misses you.
Pikel hits you with a +1 whip of freezing.
* * * LOW HITPOINT WARNING * * *
Pikel freezes you.
* * * LOW HITPOINT WARNING * * *
You hit the ogre. You headbutt the ogre.
The ogre is severely wounded.
You hit Pikel but do no damage.
Pikel hits you with a +1 whip of freezing!
You die...

##########
#.O.......
#@########
#K# #5#
#.# #.#
#.####
#..†.#
#.##K#
#.##5#


You could see Pikel, an ogre and a lemure.

Vanquished Creatures
  A black bear (D:5)
  2 iguanas (D:4)
  A hound zombie (D:3)
  An endoplasm (D:2)
  3 goblins
  A hobgoblin (D:2)
9 creatures vanquished.

Notes
Turn   | Place    | Note
-------+----------+-------------------------------------------
     0 | D:1      | browni3141 the Minotaur Berserker began the quest for the
                  | Orb.
     0 | D:1      | Reached XP level 1. HP: 19/19 MP: 0/0
    12 | D:1      | You fall into a shaft and drop 1 floor!
   148 | D:3      | Reached XP level 2. HP: 18/27 MP: 1/1
   249 | D:4      | Reached XP level 3. HP: 33/33 MP: 2/2
   250 | D:4      | Reached XP level 4. HP: 41/41 MP: 3/3
   339 | D:5      | Entered Level 5 of the Dungeon
   343 | D:5      | Noticed a black bear
   355 | D:5      | Killed a black bear
   356 | D:5      | Reached XP level 5. HP: 46/47 MP: 4/4
   383 | D:5      | Noticed a lemure
   384 | D:5      | Noticed Pikel
   394 | D:5      | Noticed an ogre
   401 | D:5      | Slain by Pikel

Illustrated notes

Levels and vault maps discovered:
D:1:      lemuel_arrival_funnel, layout_rooms
D:2:      kb_forest_paths, layout_basic
D:3:      layout_loops_cross, fedhas_altar_3,
          hellmonk_ecumenical_altar_lost_god, corner_web_ring
D:4:      layout_gridville, dancing_weapons_uskayaw, minmay_between, uniq_robin
D:5:      minmay_recursive_quarters, layout_basic, minmay_ruined_shrine,
          uniq_pikel

Skill      XL: |  1  2  3 |
---------------+----------+-----
Fighting       | 4 |  4.7
Axes           | 4 |  4.7
Armour         | 3 |  3.9
Dodging        | 3 |  3.5

Action                   |  1- 3 |  4- 6 || total
-------------------------+-------+-------++-------
Melee: Hand axe          |    13 |    12 ||    25
       Headbutt          |     2 |     3 ||     5
Invok: Berserk           |     1 |     1 ||     2
Armor: Animal skin       |       |     2 ||     2
Dodge: Dodged            |     9 |     7 ||    16
